Description

Innovation vs gung loot

Replay - GunGFuBanDa v INnoVation: Game 1 - Ewiges Imperium LE

Build Order

Get SALT Encoding   

  12  0:00  SCV  
  13  0:13  SCV  
  14  0:17  Supply Depot  
  14  0:25  SCV  
  15  0:38  SCV  
  15  0:40  Barracks  
  16  0:44  Refinery  
  16  0:50  SCV  
  17  1:03  SCV  
  18  1:15  SCV  
  19  1:27  Reaper, Orbital Command  
  20  1:41  Command Center  
  20  1:52  Supply Depot  
  20  1:54  SCV  
  21  1:59  Marine  
  22  2:06  SCV  
  23  2:09  Factory  
  23  2:16  Refinery  
  23  2:18  SCV  
  23  2:21  Barracks Reactor  
  24  2:27  Bunker  
  26  2:53  Orbital Command  
  26  2:55  Starport  
  29  2:58  Widow Mine  
  29  3:02  Marine x2  
  36  3:20  Marine x2, Widow Mine  
  38  3:30  Supply Depot  
  38  3:31  Medivac  
  42  3:38  Marine x2  
  44  3:43  Factory Tech Lab  
  46  3:48  Supply Depot  
  46  3:55  Liberator, Marine x2  
  46  4:01  Siege Tank  
  53  4:04  Supply Depot  
  54  4:13  Marine  
  62  4:35  Siege Tank  
  73  5:02  Command Center  
  75  5:07  Siege Tank  
  75  5:10  Starport Tech Lab  
  80  5:15  Barracks  
  82  5:23  Refinery x2  
  82  5:25  Barracks  
  88  5:44  Raven  
  88  5:48  Engineering Bay x2  
  90  5:55  Bunker  
  93  6:11  Stimpack  
  95  6:12  Barracks x2  
  95  6:13  Factory Reactor  
  75  6:30  Marauder  
  75  6:33  Orbital Command, Starport Reactor, Combat Shield  
  75  6:35  Marauder  
  75  6:39  Terran Infantry Armor Level 1, Terran Infantry Weapons Level 1  
  73  6:50  Widow Mine x2  
  73  6:53  Marauder x2, Orbital Command  
  85  7:03  Barracks Reactor  
  85  7:04  Barracks Tech Lab  
  85  7:12  Widow Mine x2  
  85  7:13  Medivac  
  85  7:15  Marauder x2  
  97  7:22  Medivac  
  100  7:33  Marauder x2  
  100  7:35  Concussive Shells  
  106  7:39  Marauder  
  106  7:41  Missile Turret x2  
  112  7:45  Refinery x2  
  115  7:56  Medivac x2  
  115  7:57  Marauder  
  123  8:08  Starport  
  123  8:09  Command Center  
  126  8:16  Armory  
  127  8:26  Viking x2  
  137  8:53  Viking x4  
  140  9:39  Viking  
  140  9:43  Terran Infantry Weapons Level 2  
  142  9:49  Terran Infantry Armor Level 2  
  142  9:57  Planetary Fortress  
Spawning Tool Build Advisor. Get it on Overwolf

Go to:

Details

  • Created by: OGsewerat
  • Published on: Jun 07, 2020
  • Modified on: Jun 07, 2020
  • Patch: 4.11.0
  • Difficulty: Medium
Show
View Real Time Build Order
Export as new Build Order

Comments (0)

There are no comments. Be the first!

Create an account to comment!